 Dungeon Crawl Stone Soup version 0.22-a0-348-gd16d139 (webtiles) character file.

6837 Goblin1989 the Transmogrifier (level 10, -12/91 HPs)
             Began as a Demonspawn Transmuter on Apr 9, 2018.
             Was an Initiate of Gozag.
             Mangled by a black mamba (17 damage)
             ... on level 2 of the Lair of Beasts on Apr 10, 2018.
             The game lasted 00:53:35 (13652 turns).

Goblin1989 the Transmogrifier (DsTm)               Turns: 13652, Time: 00:53:36

Health: -12/91     AC: 10    Str: 11    XL:     10   Next: 77%
Magic:  0/19       EV: 13    Int: 17    God:    Gozag
Gold:   763        SH:  0    Dex: 18    Spells: 3/21 levels left

rFire    x . .     SeeInvis .     - Unarmed
rCold    + + +     Gourm    .   (shield currently unavailable)
rNeg     . . .     Faith    .   (armour currently unavailable)
rPois    +         Spirit   +   (helmet currently unavailable)
rElec    .         Reflect  .   (cloak currently unavailable)
rCorr    .         Harm     .   (gloves currently unavailable)
MR       .....                  (boots currently unavailable)
Stlth    ++........             V - amulet of guardian spirit
HPRegen  0.25/turn              u - +4 ring of protection
MPRegen  0.16/turn              n - +4 ring of dexterity

@: lethally poisoned (-12 -> -18), ice-form, gold aura
A: large, powered by pain 2
a: End Transformation, Potion Petition, Call Merchant, Bribe Branch, Renounce
Religion


You were on level 2 of the Lair of Beasts.
You worshipped Gozag.
Gozag was pleased with you.
You were very full.
You were a creature of crystalline ice.
You visited 2 branches of the dungeon, and saw 11 of its levels.
You also visited: Sewer and Ossuary.

You collected 1859 gold pieces.
You spent 1005 gold pieces at shops.
You paid 91 gold pieces to Gozag.

Inventory:

Hand Weapons
 z - the +2 rapier of Tension {freeze, rElec rF+ Str+4 Stlth+}
   (You found it on level 6 of the Dungeon)

   It has been specially enchanted to freeze those struck by it, causing extra
   injury to most foes and up to half again as much damage against particularly
   susceptible opponents.
   It can also slow down cold-blooded creatures.
   It affects your strength (+4).
   It protects you from fire.
   It insulates you from electricity.
   It makes you more stealthy.
 Z - a +0 hunting sling of freezing
Missiles
 a - 116 arrows
 h - 242 stones {@Q3}
 l - 3 javelins (quivered) {@Q2}
 G - 20 tomahawks
 S - 6 curare-tipped needles
 U - 61 sling bullets
Armour
 k - a +1 helmet of intelligence (melded)
 m - a +2 pair of boots of flying (melded)
 o - the +1 robe "Xeaguul" (melded) {rC+ Regen+ Str+2}
   (You bought it in a shop on level 5 of the Dungeon)

   It affects your strength (+2).
   It protects you from cold.
   It increases your rate of regeneration.
 Q - the +3 ring mail of Inviolability {Dex+6}
   (You bought it in a shop on level 5 of the Dungeon)

   It affects your dexterity (+6).
Jewellery
 f - an uncursed ring of protection from fire
 n - a +4 ring of dexterity (right front paw)
 q - a +3 ring of strength
 u - a +4 ring of protection (left front paw)
 M - an uncursed ring of protection from fire
 V - an amulet of guardian spirit (around neck)
Wands
 p - a wand of clouds (8)
 x - a wand of polymorph (6)
 A - a wand of acid (10)
 C - a wand of disintegration (15)
 I - a wand of iceblast (7)
 P - a wand of paralysis (11)
 Y - a wand of flame (8)
Scrolls
 s - 4 scrolls of enchant armour
 w - 5 scrolls of remove curse {@r2}
 B - 3 scrolls of blinking
 D - 3 scrolls of torment {unknown}
 H - 5 scrolls of magic mapping {unknown}
 K - 4 scrolls of fog
 O - a scroll of amnesia
 R - 2 scrolls of identify {@r1}
 T - 6 scrolls of teleportation {!r, @r3}
 X - a scroll of immolation
Potions
 i - 4 potions of brilliance
 t - a potion of mutation {!q}
 v - a potion of might
 y - a potion of agility
 E - 4 potions of curing {@q1}
 F - a potion of heal wounds {@q2, !q}
 J - a potion of flight
 L - 2 potions of cancellation
 N - 2 potions of magic
 W - 5 potions of lignification
Comestibles
 e - 5 rations


   Skills:
 + Level 5.6 Fighting
 + Level 5.4 Dodging
 * Level 7.9 Unarmed Combat
 + Level 6.3 Spellcasting
 + Level 1.3 Charms
 + Level 1.6 Necromancy
 - Level 8.0 Transmutations
 + Level 4.2 Ice Magic


You had 3 spell levels left.
You knew the following spells:

 Your Spells              Type           Power        Failure   Level  Hunger
a - Beastly Appendage     Tmut           ####..       1%          1    None
b - Spider Form           Tmut/Pois      ###.......   7%          3    ##.....
c - Sticks to Snakes      Tmut           ####....     1%          2    None
d - Ice Form              Ice/Tmut       ####....     10%         4    ####...
e - Blade Hands           Tmut           ####......   13%         5    #####..
R - Regeneration          Chrm/Necr      ##........   21%         3    ##.....


Dungeon Overview and Level Annotations

Branches:
Dungeon (9/15)             Temple (0/1) D:7            Lair (2/6) D:8
 Spider (0/4) Lair:2
  Swamp: Lair:2-4    Shoals: Lair:2-4       Orc: D:9-12

Altars:
Ashenzari
Cheibriados
Elyvilon
Fedhas
Gozag
Makhleb
Nemelex Xobeh
Okawaru
Qazlal
Uskayaw
Yredelemnul
Zin

Shops:
D:4 (   D:5 [

Annotations:
Lair:1 exclusion: oklob plant


Innate Abilities, Weirdness & Mutations

((You have hoof-like feet.))
((You are partially covered in yellow scales. (AC +2)))
You sometimes gain power by taking damage.


Message History

No target in view!
No target in view!
No target in view!
No target in view!
No target in view!
No target in view!
No target in view!
No target in view!
No target in view!
No target in view!
No target in view!
No target in view!
You now have 763 gold pieces (gained 11).
A basilisk comes into view.
A basilisk is nearby!
A basilisk is nearby!
A basilisk is nearby!
Found a stone staircase leading up.
A black mamba comes into view.
Unknown command.
The basilisk gazes at you.
You are slowing down.
You hit the basilisk. You freeze the basilisk.
The basilisk is lightly wounded.
The basilisk gazes at you.
Your limbs have turned to stone.
The basilisk bites you!
You focus on the pain.
You feel your power returning.
You have turned to stone.
The black mamba hisses angrily.
The black mamba is distracted by the nearby gold.
The basilisk bites you but does no damage.
The basilisk bites you but does no damage.
The basilisk is distracted by your gold.
The black mamba is no longer distracted by gold.
The basilisk is no longer distracted by gold.
The basilisk bites you. The basilisk bites you. The black mamba bites you.
The black mamba bites you but does no damage.
The basilisk gazes at you. You resist with some effort.
The black mamba bites you!
The black mamba bites you but does no damage.
The basilisk bites you.
The black mamba bites you but does no damage.
The basilisk bites you but does no damage.
The black mamba bites you but does no damage.
The black mamba bites you! The basilisk bites you!
You turn to ice and can move again.
You take 22 damage, and have 68/90 hp.
MASSIVE DAMAGE!!
You now have 15/19 mp.
You hit the basilisk. You freeze the basilisk.
The basilisk is lightly wounded.
The black mamba bites you! x2
You take 18 damage, and have 50/90 hp.
You now have 12/19 mp.
Unknown command.
You are too injured to fight recklessly!
Unknown command.
Unknown command.
Unknown command.
You barely miss the basilisk.
The basilisk is lightly wounded.
The black mamba closely misses you. The basilisk bites you!
You take 7 damage, and have 43/90 hp.
You now have 10/19 mp.
Unknown command.
You hit the basilisk. You freeze the basilisk.
The basilisk is moderately wounded.
The black mamba bites you but does no damage.
The basilisk bites you but does no damage.
The black mamba bites you!
* * * LOW HITPOINT WARNING * * *
You are poisoned.
The black mamba poisons you!
You take 10 damage, and have 33/90 hp.
You now have 8/19 mp.
You barely miss the basilisk.
The basilisk is moderately wounded.
You feel sick. The black mamba bites you!
* * * LOW HITPOINT WARNING * * *
The basilisk closely misses you.
You take 7 damage, and have 26/90 hp.
You now have 7/19 mp.
Unknown command.
You punch the basilisk!
The basilisk seems to slow down.
You freeze the basilisk.
The basilisk is severely wounded.
You feel sick. The black mamba completely misses you.
The black mamba bites you!
* * * LOW HITPOINT WARNING * * *
You take 5 damage, and have 21/90 hp.
You now have 5/19 mp.
You barely miss the basilisk.
The basilisk is severely wounded.
You feel sick. The black mamba closely misses you. The basilisk bites you!
* * * LOW HITPOINT WARNING * * *
You take 8 damage, and have 13/90 hp.
You now have 3/19 mp.
Unknown command.
You pummel the basilisk!!
The basilisk seems to slow down.
You freeze the basilisk.
You kill the basilisk!
You feel sick. The black mamba bites you!
* * * LOW HITPOINT WARNING * * *
The black mamba bites you!!
You die...
Your body crumbles into a pile of gold.

██..█. ..8.... ██.█.
....:..██ ██..
..<..8..██ ██.
.........██ █.
8.......██ █. .......██
██ ... █$.8...██ █.
.8.)██Y.....█ █..
......S.....██ █..
.....██.....█████ ██P.
.... ███...██.P.█████.P.
█...██..................
.. .....................
. ......................
...................... $
.....................█


You could see a black mamba.

Vanquished Creatures
  3 spiny frogs
  2 komodo dragons
  3 hippogriffs
  A hornet (D:8)
  A wraith (Ossuary)
  A steam dragon (D:8)
  A basilisk (Lair:2)
  2 water moccasins
  An orc warrior (D:8)
  2 porcupines (Lair:1)
  An ice beast (D:8)
  2 black bears
  A necrophage (D:3)
  The ghost of GameOver the Sneak, an amateur NaFE of Cheibriados (D:4)
  A centaur (D:8)
  3 ogres
  6 wolves (Lair:1)
  5 crocodiles
  4 bullfrogs
  2 elf skeletons (D:4)
  A scorpion (D:5)
  A killer bee (D:7)
  A howler monkey (D:7)
  5 wights
  A bullfrog zombie (D:6)
  3 crimson imps
  A jelly (D:7)
  4 human zombies
  A hound (D:7)
  A bullfrog skeleton (D:6)
  7 orc priests
  10 orc wizards
  2 centaur skeletons (D:7)
  A gnoll shaman (D:5)
  5 human skeletons (D:4)
  An iguana (D:4)
  3 worker ants
  3 mummies (Ossuary)
  A howler monkey zombie (D:7)
  3 gnolls (D:5)
  9 adders
  2 river rats (Sewer)
  2 shadow imps (D:7)
  An adder skeleton (D:4)
  4 worms
  A dart slug (D:3)
  3 leopard geckos
  49 orcs
  8 ball pythons
  6 bats
  7 giant cockroaches
  11 goblins
  8 hobgoblins
  9 jackals
  3 quokkas
  8 frilled lizards
  2 goblin zombies (Ossuary)
  2 hobgoblin zombies (Ossuary)
  8 kobolds
  4 kobold zombies (Ossuary)
  An orc skeleton (D:4)
  8 rats
254 creatures vanquished.

Vanquished Creatures (collateral kills)
  2 wights
  2 orcs (D:7)
  A frilled lizard (Sewer)
5 creatures vanquished.

Vanquished Creatures (others)
  A wight (D:7)
1 creature vanquished.

Grand Total: 260 creatures vanquished

Notes
Turn   | Place    | Note
-------+----------+-------------------------------------------
     0 | D:1      | Goblin1989 the Demonspawn Transmuter began the quest for the Orb.
     0 | D:1      | Reached XP level 1. HP: 15/15 MP: 3/3
    28 | D:1      | Reached skill level 2 in Transmutations
   397 | D:1      | Gained mutation: You sometimes gain a little power by taking damage. [demonic ancestry]
   397 | D:1      | Reached XP level 2. HP: 15/21 MP: 5/5
  1135 | D:2      | Reached skill level 3 in Transmutations
  1135 | D:2      | Gained mutation: You sometimes gain power by taking damage. [demonic ancestry]
  1135 | D:2      | Reached XP level 3. HP: 26/26 MP: 4/6
  1173 | D:2      | Found a faded altar of an unknown god.
  2228 | D:3      | Reached skill level 4 in Transmutations
  2228 | D:3      | Reached XP level 4. HP: 32/32 MP: 7/7
  2233 | D:3      | Learned a level 3 spell: Spider Form
  2236 | D:3      | Learned a level 2 spell: Sticks to Snakes
  2296 | D:3      | Noticed a necrophage
  2311 | D:3      | Killed a necrophage
  2311 | D:3      | Reached skill level 5 in Transmutations
  2311 | D:3      | Reached XP level 5. HP: 25/36 MP: 2/8
  2455 | D:3      | Reached XP level 6. HP: 10/42 MP: 4/9
  2517 | D:3      | Oozefury: привет, гг прикольный тайл))
  3068 | D:3      | Found a shattered altar of Ashenzari.
  3395 | D:4      | Reached skill level 6 in Transmutations
  3704 | D:4      | Reached skill level 7 in Transmutations
  3707 | D:4      | Goblin1989: прикольный
  3712 | D:4      | HP: 1/42 [human skeleton (4)]
  3728 | D:4      | Gained mutation: You are partially covered in yellow scales. (AC +2) [demonic ancestry]
  3728 | D:4      | Reached XP level 7. HP: 3/47 MP: 1/10
  3814 | D:4      | Found a sand-covered staircase.
  3861 | Ossuary  | Entered an ossuary
  3861 | Ossuary  | Noticed a wraith
  3861 | Ossuary  | Noticed a wraith
  3861 | Ossuary  | Noticed a wraith
  3862 | Ossuary  | Goblin1989: получите, сволочи!
  3862 | Ossuary  | Goblin1989: я таки сюда пробился!
  4078 | Ossuary  | Oozefury: ггг
  4083 | Ossuary  | Learned a level 4 spell: Ice Form
  4623 | Ossuary  | Goblin1989: но если честно я уже думал что проход был обвален и рисковал очень сильно
  5130 | Ossuary  | Noticed a wraith
  5141 | Ossuary  | Killed a wraith
  5246 | Ossuary  | Goblin1989: странно
  5246 | Ossuary  | Goblin1989: я думал это гробница у которой стены со временем ломаются
  5246 | Ossuary  | Goblin1989: и монстры в какой-то момент начинают на тебя толпой переть
  5558 | D:4      | Noticed GameOver's ghost (amateur NaFE)
  5660 | D:4      | Found a glowing silver altar of Zin.
  5661 | D:4      | Found an opulent altar of Gozag.
  5743 | D:4      | Became a worshipper of Gozag Ym Sagoz the Greedy
  5950 | D:4      | Killed GameOver's ghost
  5950 | D:4      | Reached XP level 8. HP: 47/56 MP: 11/11
  6156 | D:4      | Found Utunuhim's Antique Weapon Emporium.
  6171 | D:4      | Bought a steaming halberd for 198 gold pieces
  6369 | D:5      | Entered Level 5 of the Dungeon
  6440 | D:5      | Found Hehupeo's Antique Armour Shoppe.
  6878 | D:5      | Found a glowing drain.
  6903 | Sewer    | Entered a sewer
  6904 | Sewer    | Goblin1989: Уф!
  6904 | Sewer    | Goblin1989: И сюда еле-еле успел!
  7413 | D:5      | Bought a dazzling leather armour for 154 gold pieces
  7423 | D:5      | Identified the +1 leather armour of the Abyss {Dex+2} (You bought it in a shop on level 5 of the Dungeon)
  8081 | D:6      | Got a faintly glowing rapier
  8211 | D:6      | Reached skill level 5 in Unarmed Combat
  8323 | D:5      | Identified the cursed +2 rapier of Tension {freeze, rElec rF+ Str+4 Stlth+} (You found it on level 6 of the Dungeon)
  8665 | D:6      | Reached skill level 1 in Ice Magic
  9262 | D:7      | Found a staircase to the Ecumenical Temple.
  9369 | D:7      | Gained mutation: You have large cloven feet. [demonic ancestry]
  9369 | D:7      | Reached XP level 9. HP: 19/63 MP: 3/14
 10353 | D:7      | Reached skill level 8 in Transmutations
 10728 | D:5      | Bought a slimy robe for 125 gold pieces
 10728 | D:5      | Bought a pair of runed boots for 165 gold pieces
 10728 | D:5      | Bought a runed helmet for 165 gold pieces
 10748 | D:5      | Identified the +1 robe "Xeaguul" {rC+ Regen+ Str+2} (You bought it in a shop on level 5 of the Dungeon)
 10864 | D:8      | Reached skill level 5 in Spellcasting
 11137 | D:8      | Found a hide-covered altar of Uskayaw.
 11143 | D:8      | Found a snail-covered altar of Cheibriados.
 11148 | D:8      | Found a sparkling altar of Nemelex Xobeh.
 11149 | D:8      | Found a white marble altar of Elyvilon.
 11150 | D:8      | Found a burning altar of Makhleb.
 11153 | D:8      | Found a basalt altar of Yredelemnul.
 11154 | D:8      | Found a blossoming altar of Fedhas.
 11320 | D:8      | Learned a level 5 spell: Blade Hands
 11388 | D:8      | Found a staircase to the Lair.
 11924 | D:8      | Gained mutation: You have hoof-like feet. [demonic ancestry]
 11924 | D:8      | Reached XP level 10. HP: 62/72 MP: 12/18
 12067 | D:8      | Found a stormy altar of Qazlal.
 12067 | D:8      | Found an iron altar of Okawaru.
 12228 | D:9      | Noticed an eight-headed hydra
 12261 | Lair:1   | Entered Level 1 of the Lair of Beasts
 12460 | Lair:1   | Noticed a spiny frog
 12483 | Lair:1   | Killed a spiny frog
 12632 | Lair:1   | Reached skill level 5 in Fighting
 12670 | Lair:1   | Reached skill level 5 in Dodging
 12977 | Lair:1   | Noticed an oklob plant
 13216 | D:5      | Bought a faintly humming ring mail for 198 gold pieces
 13226 | D:5      | Identified the +3 ring mail of Inviolability {Dex+6} (You bought it in a shop on level 5 of the Dungeon)
 13350 | Lair:2   | Learned a level 1 spell: Animate Skeleton
 13356 | Lair:2   | Learned a level 3 spell: Regeneration
 13402 | Lair:2   | Noticed a spiny frog
 13413 | Lair:2   | Killed a spiny frog
 13429 | Lair:2   | Noticed a spiny frog
 13440 | Lair:2   | Killed a spiny frog
 13440 | Lair:2   | Reached skill level 1 in Necromancy
 13537 | Lair:2   | Reached skill level 1 in Charms
 13544 | Lair:2   | Found a hole to the Spider Nest.
 13634 | Lair:2   | Noticed a black mamba
 13652 | Lair:2   | Mangled by a black mamba

Vault maps used:
D:1:      dpeg_arrival_rooms_b
D:2:      first_ration, chequers_ecumenical_altar_simple, minmay_goblin_outpost
D:3:      cheibrodos_ashenzari_chains
D:4:      grunt_temple_overflow_gold_and_silver, serial_shops, shop_statue,
          nicolae_ossuary_entry_catacombs
D:5:      cheibrodos_sewer_entry_bend, serial_shops, shop_statue,
          corexii_checkpoint_a
D:7:      cheibrodos_barr_body, temple_green
D:8:      minitemple, gammafunk_temple_overflow_elements, lair_entry_dummy,
          special_room
D:9:      uniq_gastronok, uniq_erolcha, uniq_prince_ribbit1
Lair:1:   minmay_lair_oklob_items, st_stairs_3, grunt_megastairs_5,
          infiniplex_staircase_pool_2
Lair:2:   spider_nest_entry_web_field, grunt_megastairs_3
Sewer:    sewer_co_cracked_pipes
Ossuary:  ossuary_kennysheep_city_of_the_dead

Skill      XL: |  1  2  3  4  5  6  7  8  9 10 |
---------------+-------------------------------+-----
Transmutations | 2 3 4 5 7 8 |  8.0
Dodging        | 2 3 4 5 |  5.4
Unarmed Combat | 4 5 6 7 |  7.9
Fighting       | 2 3 4 5 |  5.6
Spellcasting   | 3 5 6 |  6.3
Ice Magic      | 1 3 4 |  4.2
Necromancy     | 1 |  1.6
Charms         | 1 |  1.3

Action                   |  1- 3 |  4- 6 |  7- 9 | 10-12 || total
-------------------------+-------+-------+-------+-------++-------
Melee: Unarmed           |   193 |   184 |   772 |   114 ||  1263
       Punch             |     3 |     2 |    10 |       ||    15
       Headbutt          |     5 |       |       |       ||     5
       Kick              |       |       |    14 |       ||    14
 Fire: Hunting sling     |       |     1 |       |       ||     1
Throw: Javelin           |       |       |     2 |       ||     2
 Cast: Beastly Appendage |     2 |       |       |       ||     2
       Spider Form       |       |     9 |    37 |     3 ||    49
       Ice Form          |       |       |     7 |    10 ||    17
       Sticks to Snakes  |       |       |     1 |       ||     1
Evoke: Wand              |       |     8 |    36 |       ||    44
  Use: Scroll            |     3 |     7 |    12 |     4 ||    26
       Potion            |     1 |     1 |     3 |     1 ||     6
 Stab: Sleeping          |     2 |       |    10 |     1 ||    13
       Distracted        |       |       |       |     2 ||     2
  Eat: Chunk             |     4 |     4 |       |       ||     8
       Ration            |       |     1 |    11 |     3 ||    15
Armor: Robe              |    85 |    21 |    84 |     1 ||   191
       Skin              |       |     8 |    53 |    28 ||    89
       Leather armour    |       |       |    83 |       ||    83
Dodge: Dodged            |   147 |   105 |   555 |   115 ||   922

Table legend:
 A = Spawn XP
 B = Non-spawn XP
 C = Spawn XP percentage of total XP
 D = Spawn monster count
 E = Non-spawn monster count
 F = Spawn count percentage of total count
 G = Total turns spent on level
                    A         B        C        D         E        F      G
               +---------+---------+-------+---------+---------+-------+---------
         Total |       0 |    9768 |   0.0 |       0 |     259 |   0.0 | 13652
               +---------+---------+-------+---------+---------+-------+---------
           D:1 |       0 |      27 |   0.0 |       0 |      15 |   0.0 |  1099
           D:2 |       0 |      53 |   0.0 |       0 |      20 |   0.0 |   883
           D:3 |       0 |     324 |   0.0 |       0 |      29 |   0.0 |  1432
           D:4 |       0 |     912 |   0.0 |       0 |      32 |   0.0 |  1536
           D:5 |       0 |     368 |   0.0 |       0 |      15 |   0.0 |  1604
           D:6 |       0 |     656 |   0.0 |       0 |      30 |   0.0 |  1105
           D:7 |       0 |    1401 |   0.0 |       0 |      26 |   0.0 |  1568
           D:8 |       0 |    1568 |   0.0 |       0 |      41 |   0.0 |  1412
        Lair:1 |       0 |    2304 |   0.0 |       0 |      14 |   0.0 |   895
        Lair:2 |       0 |    1785 |   0.0 |       0 |       8 |   0.0 |   315
         Sewer |       0 |      68 |   0.0 |       0 |      17 |   0.0 |   373
       Ossuary |       0 |     302 |   0.0 |       0 |      12 |   0.0 |  1419
               +---------+---------+-------+---------+---------+-------+---------

Vault maps used:
D:1:      dpeg_arrival_rooms_b
D:2:      first_ration, chequers_ecumenical_altar_simple, minmay_goblin_outpost
D:3:      cheibrodos_ashenzari_chains
D:4:      grunt_temple_overflow_gold_and_silver, serial_shops, shop_statue,
          nicolae_ossuary_entry_catacombs
D:5:      cheibrodos_sewer_entry_bend, serial_shops, shop_statue,
          corexii_checkpoint_a
D:7:      cheibrodos_barr_body, temple_green
D:8:      minitemple, gammafunk_temple_overflow_elements, lair_entry_dummy,
          special_room
D:9:      uniq_gastronok, uniq_erolcha, uniq_prince_ribbit1
Lair:1:   minmay_lair_oklob_items, st_stairs_3, grunt_megastairs_5,
          infiniplex_staircase_pool_2
Lair:2:   spider_nest_entry_web_field, grunt_megastairs_3
Sewer:    sewer_co_cracked_pipes
Ossuary:  ossuary_kennysheep_city_of_the_dead
